 Dungeon Crawl Stone Soup version 0.29-a0-214-g17f627cfee (webtiles) character file.

Game seed: 16439920941303236992

39844 spaghetti the Grappler (level 13, -17/106 HPs)
             Began as a Demonspawn Berserker on Feb 24, 2022.
             Was a Priest of Trog.
             Killed from afar by a wizard (39 damage)
             ... with a fireball
             ... on level 15 of the Dungeon.
             The game lasted 00:32:26 (20636 turns).

spaghetti the Grappler (Demonspawn Berserker)      Turns: 20636, Time: 00:32:27

Health: -17/106    AC: 22    Str: 22    XL:     13   Next: 71%
Magic:  13/13      EV: 11    Int:  9    God:    Trog [***...]
Gold:   958        SH:  0    Dex: 11    Spells: 12/12 levels left

rFire   . . .      SeeInvis .     - Unarmed
rCold   . . .      Faith    +   (no shield)
rNeg    . . .      Spirit   .   n - +4 chain mail
rPois   +          Reflect  .   o - +2 hat
rElec   .          Harm     .   (cloak unavailable)
rCorr   .          Rampage  .   i - +1 pair of gloves
Will    +++..                   (no boots)
Stlth   ..........              B - amulet of faith {!P}
HPRegen 1.27/turn               l - ring of willpower
MPRegen 0.13/turn               C - ring of poison resistance

@: about to teleport, strong-willed, regenerating, studying Axes
A: antennae 2, foul stench 1, powered by death 2, weakness stinger 3, demonic
touch 1, talons 1, iridescent scales 1, clumsy 1, subdued magic 1
a: Renounce Religion, Berserk, Trog's Hand


You were on level 15 of the Dungeon.
You worshipped Trog.
Trog was most pleased with you.
You visited 1 branch of the dungeon, and saw 15 of its levels.

You collected 958 gold pieces.


Innate Abilities, Weirdness & Mutations

You have a pair of antennae on your head.
You may rarely emit foul miasma when damaged in melee.
You regenerate health from kills.
You have a sharp stinger which inflicts weakening toxins.
Your touch may inflict minor irresistible damage on your foes.
You have sharp toenails.
You are partially covered in iridescent scales. (AC +2)
You are clumsy. (Dex -2)
Your spells are a little easier to cast, but a little less powerful.


   Skills:
 + Level 11.1 Fighting
 + Level 10.2 Armour
 + Level 10.2 Dodging
 * Level 14.3 Unarmed Combat


You had 12 spell levels left.
You didn't know any spells.
Your spell library contained the following spells:

 Spells                   Type           Power      Damage    Failure   Level
 Animate Skeleton         Necr           0%         N/A       92%         1
 Apportation              Tloc           0%         N/A       92%         1
 Beastly Appendage        Tmut           0%         N/A       92%         1
 Magic Dart               Conj           0%         1d3       92%         1
 Pain                     Necr           0%         1d4       92%         1
 Shock                    Conj/Air       0%         1d3       92%         1
 Call Imp                 Summ           0%         N/A       98%         2
 Sublimation of Blood     Necr           0%         N/A       98%         2
 Mephitic Cloud           Conj/Pois/Air  0%         N/A       100%        3
 Swiftness                Air            0%         N/A       100%        3
 Vampiric Draining        Necr           0%         2d6       100%        3
 Airstrike                Air            0%         N/A       100%        4
 Petrify                  Tmut/Erth      0%         N/A       100%        4
 Alistair's Intoxication  Tmut/Pois      0%         N/A       100%        5
 Fireball                 Conj/Fire      0%         3d3       100%        5
 Irradiate                Conj/Tmut      0%         3d14      100%        5
 Iskenderun's Battlesphe  Conj           0%         2d6       100%        5
 Lightning Bolt           Conj/Air       0%         1d11      100%        5
 Conjure Ball Lightning   Conj/Air       0%         3x3d6     100%        6
 Iron Shot                Conj/Erth      0%         9d1       100%        6
 Orb of Destruction       Conj           0%         9d5       100%        7

Inventory:

Hand Weapons
 a - a +0 shortbow {bow}
   (You took it off a centaur on level 9 of the Dungeon)
 s - a +0 executioner's axe of freezing {axerare=g}
   (You took it off Rupert on level 14 of the Dungeon)
 u - the +0 falchion "Afuq" {flame, rF+, long}
   (You found it on level 8 of the Dungeon)

   It burns those it strikes, dealing additional fire damage.
   Big, fiery blades are also staple armaments of hydra-hunters.
   rF:        It protects you from fire.
 G - a +0 demon trident of electrocution {polearm}
   (You took it off Urug on level 9 of the Dungeon)
Missiles
 c - 2 poisoned darts {throwing}
 d - 472 stones (quivered) {throwing}
 f - a boomerang {throwing}
 x - a throwing net {=f!fthrowing}
 F - 6 silver javelins {throwing}
 I - 5 javelins {throwing}
 N - 3 atropa-tipped darts {throwing}
Armour
 i - a +1 pair of gloves (worn)
   (You found it on level 1 of the Dungeon)
 n - a +4 chain mail (worn)
   (You took it off a death knight on level 11 of the Dungeon)
 o - a +2 hat (worn)
   (You found it on level 4 of the Dungeon)
Magical Staves
 m - a staff of fire {forbidden!astaff}
   (You found it on level 3 of the Dungeon)
Jewellery
 e - a ring of fire
   (You found it on level 1 of the Dungeon)
 k - an amulet of reflection
   (You found it on level 12 of the Dungeon)
 l - a ring of willpower (left hand)
   (You found it on level 1 of the Dungeon)
 p - a ring of positive energy
   (You found it on level 8 of the Dungeon)
 w - an amulet of the acrobat
   (You found it on level 3 of the Dungeon)
 B - an amulet of faith (around neck) {!P}
   (You found it on level 8 of the Dungeon)
 C - a ring of poison resistance (right hand)
   (You found it on level 9 of the Dungeon)
 J - a ring of fire
   (You found it on level 14 of the Dungeon)
 K - a +6 ring of intelligence
   (You found it on level 14 of the Dungeon)
Wands
 t - a wand of acid (12)
   (You found it on level 3 of the Dungeon)
 y - a wand of mindburst (15)
   (You found it on level 8 of the Dungeon)
 D - a wand of flame (18)
   (You found it on level 8 of the Dungeon)
Scrolls
 g - 3 scrolls of enchant weapon
 h - 4 scrolls of vulnerability {!r!r}
 q - a scroll of magic mapping {!r}
 v - 3 scrolls of teleportation {@r4}
 A - 2 scrolls of enchant armour
 H - 9 scrolls of identify {@r1}
 L - a scroll of fog
Potions
 b - 4 potions of flight
 j - 2 potions of curing {@q1}
 r - 3 potions of brilliance
 z - a potion of might
 E - 4 potions of degeneration {!q@e2}
 M - 3 potions of cancellation

Dungeon Overview and Level Annotations

Branches:
Dungeon (15/15) Temple (0/1) D:7 Lair (0/6) D:10 Orc (0/2) D:12 Vaults (0/5) D:12 D:13 Depths: D:15

Altars:
Ashenzari
Elyvilon
Kikubaaqudgha
Ru
Trog
Uskayaw
Wu Jian
Yredelemnul
The Shining One

Annotations:
D:14 3 runed translucent doors, Wogiaph's ghost, journeyman OgTm

... #### ..# ..# ###
###.####.# ########..
^..#..⌠#.#### #......#..
#.....#....####......#..
#.#..)#....##.'......'..
#..#{#{#.#.##.#......#..
#.....#....##.#......#..
#####.#@......#......#..
#.#...#.###......###
#######.# ########## ..#
#. ...# #########. ....#
#......... .....#
#.#######.
......###......... #.
.......#......####.


There were no monsters in sight!


Message History

* * * LOW HITPOINT WARNING * * *
The ettin misses you. 😨 HP[-33]
You take 33 damage, and now have 78/159 hp.
MASSIVE DAMAGE!! (PAUSE) Unknown command.
Unknown command.
You punch the ettin!
You kill the ettin!
Trog accepts your kill.
The blink frog blinks! 😨 HP[+1]
The blink frog hits you but does no damage.
You closely miss the blink frog.
Your tail-slap misses the blink frog.
You punch the blink frog! Your kick misses the blink frog.
The blink frog blinks!
You completely miss the blink frog. You claw the blink frog.
Your tail-slap misses the blink frog.
The blink frog blinks! 😮 HP[+1]
The blink frog blinks!
The wizard hits you but does no damage.
You hit the wizard. You claw the wizard! Your touch misses the wizard.
The blink frog blinks!
You pummel the wizard!! You claw the wizard.
You kill the wizard!
Trog accepts your kill.
Trog appreciates your killing of a magic user. 😮 HP[+1]
You start resting.
You are no longer berserk.
You are exhausted.
You feel yourself slow down.
The blink frog blinks!
A blink frog is nearby! 😮 HP[-26]
You now have 106 max hp (-53).
A blink frog is nearby!
The blink frog blinks!
Things that are here:
a +0 dagger {short}; a +0 robe; 😮 HP[+1]
The blink frog changes into an acid dragon!
You barely miss the acid dragon. You claw the acid dragon!
Your touch misses the acid dragon. You punch the acid dragon.
You kill the acid dragon!
Trog accepts your kill. 😮 HP[+1]
You start resting.
A wizard comes into view.
It is wielding a +0 dagger and wearing a +0 robe of fire resistance. 😮 HP[+3]
You regained 3 hp, and now have 60/106 hp.
You are too injured to fight recklessly!
You feel yourself speed up.
The wizard shouts! 😮 HP[+1]
You start resting.
You sense a monster nearby.
A tengu warrior comes into view. It is wielding a +0 battleaxe.
The tengu warrior shouts!
The wizard's eyes start to glow.
The wizard casts a spell.
The wizard flickers and vanishes!
Deactivating autopickup; reactivate with Ctrl-A.
You barely miss something. Your kick misses something. You tail-slap something.
Your touch misses something. Something hits you. 😮 HP[-1]
You take 1 damage, and now have 60/106 hp.
You closely miss something.
Your tail-slap misses something.
You barely miss something. Your kick misses something.
You hear some strange, mumbled words.
A fireball appears from out of thin air!
The fireball explodes!
The fireball engulfs you!!
* * * LOW HITPOINT WARNING * * *
The fireball engulfs something! 😨 HP[-23]
You take 23 damage, and now have 37/106 hp.
MASSIVE DAMAGE!! (PAUSE)
You miss something. Your kick misses something. Something hits you.
* * * LOW HITPOINT WARNING * * *
You emit a cloud of foul miasma! 😨 HP[-4]
You take 4 damage, and now have 33/106 hp.
Your skin crawls.
You feel strong-willed.
You recover from your berserk rage.
Something completely misses you. 😨 HP[+1] Unknown command.
You hear some strange, mumbled words.
A fireball appears from out of thin air!
The fireball explodes!
The fireball engulfs you!
* * * LOW HITPOINT WARNING * * *
😱 HP[-13]
You take 13 damage, and now have 21/106 hp.
There is a strange disturbance nearby!
Unknown command.
Okay, then.
As you read the scroll of teleportation {@r4}, it crumbles to dust.
You feel strangely unstable.
You hear some strange, mumbled words.
A fireball appears from out of thin air!
The fireball explodes!
The fireball engulfs you!!!
You die...

Skill      XL: |  1  2  3  4  5  6  7  8  9 10 11 12 13 |
---------------+----------------------------------------+-----
Unarmed Combat | 3 4 5 6 7 9 10 12 13 14 | 14.3
Armour         | 2 3 4 5 6 7 8 9 10 | 10.2
Dodging        | 2 3 4 5 6 7 8 9 10 | 10.2
Fighting       | 4 5 6 8 9 10 11 | 11.1

Action                   |  1- 3 |  4- 6 |  7- 9 | 10-12 | 13-15 || total
-------------------------+-------+-------+-------+-------+-------++-------
Melee: Unarmed           |   128 |   117 |   238 |   503 |   198 ||  1184
       Punch             |     2 |     2 |     8 |    43 |    15 ||    70
       Tailslap          |    15 |    25 |    28 |    78 |    41 ||   187
       Touch             |       |    10 |    34 |    85 |    27 ||   156
       Kick              |       |       |    16 |   174 |    69 ||   259
 Fire: Shortbow          |       |       |     3 |       |       ||     3
Throw: Stone             |       |       |    22 |     5 |       ||    27
Invok: Berserk           |       |     3 |    15 |    27 |     7 ||    52
       Trog's Hand       |       |       |     1 |     8 |     2 ||    11
       Brothers in Arms  |       |       |       |       |     2 ||     2
Evoke: Wand              |       |       |       |       |     2 ||     2
  Use: Potion            |       |     2 |     7 |    12 |     2 ||    23
       Scroll            |       |       |     9 |     8 |     5 ||    22
 Stab: Sleeping          |     2 |     2 |     1 |       |       ||     5
       Petrified         |       |       |       |     4 |       ||     4
Armor: Animal skin       |    33 |    18 |    20 |       |       ||    71
       Skin              |       |       |    19 |    11 |       ||    30
       Steam dragon scal |       |       |    24 |    34 |       ||    58
       Chain mail        |       |       |       |   286 |    94 ||   380
Dodge: Dodged            |    83 |    85 |   141 |   257 |   101 ||   667

Levels and vault maps discovered:
D:1:      dpeg_arrival_central, layout_loops_ring, nrook_mini_vaults,
          hangedman_abyss_or_decor_lesser_grid, minmay_misc_feat_rows
D:2:      minmay_wonky_spiral, layout_loops_ring, basic_altar,
          shapermc_ecumenical_altar_rom_forum, corexii_leaking_fountain
D:3:      layout_loops_ring, uniq_terence
D:4:      layout_loops_cross, minmay_lizard_king
D:5:      layout_basic, portal_sewer_entry_d
D:6:      layout_loops_ring, kennysheep_ying_yang, minmay_ruined_shrine
D:7:      layout_cave_pools, nicolae_uskayaw_dance_hall,
          mainiacjoe_overflow_swirl, minmay_temple_entry_slanted,
          chequers_serial_rivers_marsh
D:8:      layout_loops_corners
D:9:      layout_stronghold, mainiacjoe_overflow_alcove_1
D:10:     layout_small_grid, erik_lair_orcish_takeover, chequers_avenue,
          uniq_urug
D:11:     layout_long_grid, uniq_erolcha
D:12:     layout_rooms, david_orc_4
D:13:     layout_long_grid, david_vaults_3
D:14:     layout_basic, gammafunk_ghost_spectres, trove_entry_hex_spiral
D:15:     hangedman_depths_entry_civil_slaughter, layout_basic,
          cheibrodos_ashenzari_chains

Notes
Turn   | Place    | Note
-------+----------+-------------------------------------------
     0 | D:1      | spaghetti the Demonspawn Berserker began the quest for the
                  | Orb.
     0 | D:1      | Reached XP level 1. HP: 18/18 MP: 1/1
     0 | D:1      | magus.rc [v1.9.6]
   166 | D:1      | Reached skill level 3 in Unarmed Combat
   404 | D:1      | You feel monstrous as your demonic heritage exerts itself.
   404 | D:1      | Discovered your monstrous ancestry.
   404 | D:1      | Gained mutation: You have a small tail. [demonic ancestry]
   404 | D:1      | Reached XP level 2. HP: 24/24 MP: 2/2
   921 | D:2      | Found a faded altar of an unknown god.
   929 | D:2      | Got Plato's Collected Works on Changing {forbidden}
  1041 | D:2      | You pick up a book of Party Tricks {forbidden} and begin
                  | reading...
  1041 | D:2      | You add the spells Apportation and Alistair's Intoxication
                  | to your library.
  1116 | D:2      | Reached skill level 2 in Armour
  1116 | D:2      | Reached skill level 2 in Dodging
  1245 | D:2      | Gained mutation: You have a pair of small antennae on your
                  | head. [demonic ancestry]
  1245 | D:2      | Reached XP level 3. HP: 26/29 MP: 3/3
  1327 | D:2      | You pick up a book of Minor Magic {forbidden} and begin
                  | reading...
  1327 | D:2      | You add the spells Magic Dart, Call Imp and Mephitic Cloud
                  | to your library.
  1515 | D:2      | Reached ** piety under Trog
  2042 | D:3      | Reached skill level 4 in Unarmed Combat
  2042 | D:3      | Reached XP level 4. HP: 20/35 MP: 4/4
  2558 | D:3      | HP: 8/35 [kobold/+0 short sword of protection (5)]
  2560 | D:3      | Gained mutation: Your flesh is heat resistant. (rF+)
                  | [potion of mutation]
  2560 | D:3      | Gained mutation: You are clumsy. (Dex -2) [potion of
                  | mutation]
  2560 | D:3      | Gained mutation: Your spells are a little easier to cast,
                  | but a little less powerful. [potion of mutation]
  2560 | D:3      | Gained mutation: You expend magic power (3 MP) to
                  | strengthen your wands. [potion of mutation]
  2757 | D:3      | You pick up a book of Party Tricks {forbidden} and begin
                  | reading...
  2851 | D:3      | Gained mutation: Your touch may inflict minor irresistible
                  | damage on your foes. [demonic ancestry]
  2851 | D:3      | Reached XP level 5. HP: 11/41 MP: 5/5
  3349 | D:3      | You pick up a book of Necromancy {forbidden} and begin
                  | reading...
  3349 | D:3      | You add the spells Pain, Animate Skeleton and Vampiric
                  | Draining to your library.
  3386 | D:3      | Noticed Terence
  3390 | D:3      | Killed Terence
  3431 | D:4      | You fall into a shaft and drop 1 floor!
  3431 | D:5      | Entered Level 5 of the Dungeon
  3572 | D:5      | Noticed a necrophage
  3582 | D:5      | Killed a necrophage
  3583 | D:5      | Reached skill level 3 in Armour
  3583 | D:5      | Reached skill level 3 in Dodging
  3583 | D:5      | Reached XP level 6. HP: 45/47 MP: 6/6
  3731 | D:5      | Reached skill level 5 in Unarmed Combat
  3812 | D:5      | HP: 13/72 [ogre/+0 giant spiked club (30)]
  4265 | D:5      | Reached skill level 4 in Fighting
  4265 | D:5      | Gained mutation: You have a tail ending in a sharp stinger.
                  | [demonic ancestry]
  4265 | D:5      | Reached XP level 7. HP: 51/54 MP: 7/7
  4391 | D:5      | You add the spells Lightning Bolt and Iron Shot to your
                  | library.
  4391 | D:5      | Got the Incunabulum of Destructive Changing {forbidden}
  4707 | D:6      | You pick up a book of Alchemy {forbidden} and begin
                  | reading...
  4707 | D:6      | You add the spells Sublimation of Blood, Petrify and
                  | Irradiate to your library.
  4717 | D:6      | Found an ornate altar of the Wu Jian Council.
  4740 | D:6      | Reached skill level 6 in Unarmed Combat
  4808 | D:6      | HP: 10/55 [wyvern zombie (10)]
  4809 | D:6      | HP: 3/55 [wyvern zombie (8)]
  4812 | D:6      | Reached skill level 4 in Armour
  4812 | D:6      | Reached skill level 4 in Dodging
  5222 | D:6      | Found a basalt altar of Yredelemnul.
  5473 | D:6      | You pick up a book of the Spheres {forbidden} and begin
                  | reading...
  5473 | D:6      | You add the spells Iskenderun's Battlesphere, Fireball,
                  | Conjure Ball Lightning and Orb of Destruction to your
                  | library.
  5727 | D:7      | Gained mutation: You regenerate a little health from kills.
                  | [demonic ancestry]
  5727 | D:7      | Reached XP level 8. HP: 61/61 MP: 8/8
  5861 | D:7      | HP: 20/84 [wight/+3 halberd of protection (7)]
  5986 | D:7      | HP: 19/84 [something (5)]
  6355 | D:7      | Found a staircase to the Ecumenical Temple.
  6378 | D:7      | Reached skill level 5 in Fighting
  6385 | D:7      | Reached skill level 7 in Unarmed Combat
  6404 | D:7      | Found a hide-covered altar of Uskayaw.
  6633 | D:7      | Found a bloodstained altar of Trog.
  6642 | D:7      | Found an ancient bone altar of Kikubaaqudgha.
  7167 | D:7      | Reached skill level 5 in Armour
  7167 | D:7      | Reached skill level 5 in Dodging
  7351 | D:7      | Gained mutation: You regenerate health from kills. [demonic
                  | ancestry]
  7351 | D:7      | Reached XP level 9. HP: 69/69 MP: 9/9
  7517 | D:8      | Reached skill level 8 in Unarmed Combat
  7800 | D:8      | Reached skill level 6 in Fighting
  8015 | D:8      | Identified the +0 falchion "Afuq" {flame, rF+}
  8127 | D:8      | Lost mutation: Your flesh is heat resistant. (rF+) [potion
                  | of mutation]
  8127 | D:8      | Lost mutation: You expend magic power (3 MP) to strengthen
                  | your wands. [potion of mutation]
  8127 | D:8      | Gained mutation: You have sharp toenails. [potion of
                  | mutation]
  8127 | D:8      | Gained mutation: You are partially covered in iridescent
                  | scales. (AC +2) [potion of mutation]
  8534 | D:9      | You pick up a book of Air {forbidden} and begin reading...
  8534 | D:9      | You add the spells Shock, Swiftness and Airstrike to your
                  | library.
  8785 | D:9      | Found a sacrificial altar of Ru.
  9593 | D:9      | Noticed a cyan ugly thing
  9601 | D:9      | Killed a cyan ugly thing
  9602 | D:9      | Reached skill level 6 in Armour
  9602 | D:9      | Reached skill level 6 in Dodging
  9602 | D:9      | Reached skill level 9 in Unarmed Combat
  9906 | D:9      | Reached XP level 10. HP: 77/77 MP: 10/10
  9995 | D:10     | Entered Level 10 of the Dungeon
  9995 | D:10     | Noticed Urug
 10388 | D:10     | Noticed a two-headed ogre
 10412 | D:9      | Killed Urug
 10413 | D:9      | Reached skill level 7 in Fighting
 10676 | D:10     | Killed a two-headed ogre
 11011 | D:10     | Found a staircase to the Lair.
 11095 | D:10     | Noticed a two-headed ogre
 11105 | D:10     | Killed a two-headed ogre
 11106 | D:10     | Reached skill level 10 in Unarmed Combat
 11450 | D:10     | Reached skill level 7 in Armour
 11450 | D:10     | Reached skill level 7 in Dodging
 11607 | D:10     | Noticed a two-headed ogre
 11616 | D:10     | Killed a two-headed ogre
 12203 | D:11     | Noticed Erolcha
 12229 | D:11     | Killed Erolcha
 12230 | D:11     | Reached skill level 8 in Fighting
 12230 | D:11     | Gained mutation: You have a pair of antennae on your head.
                  | [demonic ancestry]
 12230 | D:11     | Reached XP level 11. HP: 86/86 MP: 11/11
 12438 | D:11     | Noticed a four-headed hydra
 12444 | D:11     | Killed a four-headed hydra
 12508 | D:11     | Noticed a two-headed ogre
 12514 | D:11     | Killed a two-headed ogre
 12644 | D:11     | Noticed a death knight
 12704 | D:11     | HP: 36/193 [death knight/+0 great mace (26)]
 12706 | D:11     | Killed a death knight
 12707 | D:11     | Reached skill level 11 in Unarmed Combat
 12709 | D:11     | HP: 23/195 [freezing wraith[a death knight] (5)]
 12709 | D:11     | HP: 2/195 [freezing wraith[a death knight] (21)]
 13432 | D:11     | Noticed a two-headed ogre
 13441 | D:11     | Killed a two-headed ogre
 13442 | D:11     | Reached skill level 8 in Armour
 13508 | D:11     | Reached skill level 8 in Dodging
 13684 | D:11     | Noticed a skeletal warrior
 13697 | D:11     | Killed a skeletal warrior
 13706 | D:11     | Reached skill level 9 in Fighting
 14016 | D:12     | HP: 29/133 [barbs]
 14021 | D:12     | HP: 14/133 [manticore (7)]
 14041 | D:12     | Noticed a green ugly thing
 14051 | D:12     | Killed a green ugly thing
 14171 | D:12     | Reached skill level 12 in Unarmed Combat
 14171 | D:12     | Gained mutation: You have a sharp stinger which inflicts
                  | weakening toxins. [demonic ancestry]
 14171 | D:12     | Reached XP level 12. HP: 74/95 MP: 12/12
 14331 | D:12     | Noticed a boulder beetle
 14596 | D:13     | Noticed a fire dragon
 14596 | D:13     | Noticed Rupert
 14596 | D:13     | Noticed a centaur warrior
 14596 | D:13     | Found a gate to the Vaults.
 14597 | D:13     | HP: 20/95 [fire dragon/blast of flame (36)]
 14612 | D:12     | HP: 17/95 [acid dragon/splash of acid (17)]
 15311 | D:12     | Found a staircase to the Orcish Mines.
 15940 | D:14     | Noticed a centaur warrior
 15954 | D:14     | Killed a centaur warrior
 16073 | D:13     | Noticed a tengu warrior
 16155 | D:14     | Killed a centaur warrior
 16189 | D:14     | Killed a tengu warrior
 16442 | D:14     | Noticed a boulder beetle
 16474 | D:14     | Killed a boulder beetle
 16474 | D:14     | Reached *** piety under Trog
 16475 | D:14     | Reached skill level 9 in Dodging
 16601 | D:14     | Found a runed translucent gate.
 16602 | D:14     | Found a runed translucent gate.
 16604 | D:14     | Found a runed translucent gate.
 16606 | D:14     | Noticed Wogiaph's ghost (journeyman OgTm)
 16607 | D:14     | Noticed an eidolon
 16680 | D:14     | Noticed a catoblepas
 16696 | D:14     | Killed a catoblepas
 16697 | D:14     | Reached skill level 9 in Armour
 16847 | D:14     | Reached skill level 10 in Fighting
 16859 | D:14     | Noticed a centaur warrior
 16865 | D:14     | Noticed a boulder beetle
 16879 | D:14     | Reached skill level 13 in Unarmed Combat
 16881 | D:14     | Noticed a four-headed hydra
 17603 | D:15     | Entered Level 15 of the Dungeon
 17604 | D:15     | Noticed a two-headed ogre
 17604 | D:15     | Noticed an ogre mage
 18056 | D:14     | Killed Rupert
 18057 | D:14     | Gained mutation: You may rarely emit foul miasma when
                  | damaged in melee. [demonic ancestry]
 18057 | D:14     | Reached XP level 13. HP: 84/104 MP: 13/13
 18068 | D:14     | s - a +0 executioner's axe of freezing {axerare=g}
 18656 | D:13     | Killed a fire dragon
 19316 | D:13     | Reached **** piety under Trog
 19326 | D:13     | Reached skill level 14 in Unarmed Combat
 19511 | D:15     | Reached skill level 10 in Dodging
 19517 | D:15     | Reached skill level 10 in Armour
 19685 | D:15     | Reached skill level 11 in Fighting
 19903 | D:15     | Found a broken altar of Ashenzari.
 20039 | D:15     | HP: 25/106 [orc knight/+2 battleaxe of flaming (14)]
 20042 | D:15     | HP: 8/106 [orc knight/+2 battleaxe of flaming (8)]
 20592 | D:15     | Noticed an ettin
 20601 | D:15     | Killed an ettin
 20635 | D:15     | HP: 21/106 [something/fireball (15)]
 20636 | D:15     | Killed from afar by a wizard

Vanquished Creatures
  Rupert (D:14)
  A fire dragon (D:13)
  An ettin (D:15)
  Erolcha (D:11)
  An ogre mage (D:15)
  A boulder beetle (D:14)
  2 catoblepae
  A hydra (D:11)
  3 centaur warriors
  6 two-headed ogres
  A death knight (D:11)
  A tengu warrior (D:14)
  Urug (D:9)
  6 skeletal warriors
  A wizard (D:15)
  4 orc knights
  A lindwurm (shapeshifter) (D:14)
  5 ugly things
  2 manticores (D:12)
  3 cyclopes
  A centaur zombie (D:11)
  2 gargoyles (D:12)
  3 freezing wraiths (D:11)
  An efreet (D:14)
  2 unseen horrors
  A komodo dragon (D:13)
  A kobold demonologist (D:12)
  3 tengu conjurers (D:15)
  3 yaktaurs (D:11)
  5 trolls
  8 slime creatures
  2 shadows
  5 yaks
  3 wyverns
  2 steam dragons
  16 humans
  A warg (D:10)
  An acid dragon (shapeshifter) (D:15)
  A water moccasin (D:7)
  3 acid dragons
  11 orc warriors
  A black bear (D:5)
  An ice beast (D:6)
  2 sky beasts (D:7)
  2 necrophages
  5 ogres
  5 boggarts (D:14)
  8 centaurs
  A bullfrog (D:8)
  A wyvern zombie (D:6)
  4 wights (D:7)
  2 howler monkeys
  A bullfrog zombie (D:6)
  2 hounds
  14 orc priests
  An iguana (D:6)
  A bullfrog skeleton (D:5)
  11 orc wizards
  Terence (D:3)
  A hound skeleton (D:5)
  6 adders
  2 howler monkey skeletons (D:7)
  A shadow imp (D:6)
  2 white imps
  A worm (D:2)
  A dart slug (D:2)
  36 orcs
  7 bats
  7 endoplasms
  6 giant cockroaches
  6 hobgoblins
  2 quokkas
  6 ball pythons
  4 goblins
  6 kobolds
  6 rats
281 creatures vanquished.

Vanquished Creatures (collateral kills)
  A cyclops (D:15)
  A warg (D:10)
  3 orc warriors
  A jelly (D:6)
  2 orcs
8 creatures vanquished.

Vanquished Creatures (others)
  A fungus (D:2)
  3 plants (D:2)
4 creatures vanquished.

Grand Total: 293 creatures vanquished

Table legend:
 A = Non-vault XP
 B = Vault XP
 C = Vault XP percentage of total XP
 D = Non-vault monster count
 E = Vault monster count
 F = Vault count percentage of total count
                 A         B        C        D         E       F
            +---------+---------+-------+---------+---------+-------
      Total |   44411 |   12510 |  22.0 |     229 |      60 |  20.8
            +---------+---------+-------+---------+---------+-------
        D:1 |      25 |       0 |   0.0 |      16 |       0 |   0.0
        D:2 |      44 |      12 |  21.4 |      17 |       5 |  22.7
        D:3 |     160 |      32 |  16.7 |      21 |       1 |   4.5
        D:4 |       2 |       0 |   0.0 |       1 |       0 |   0.0
        D:5 |     562 |      13 |   2.3 |       9 |       1 |  10.0
        D:6 |     311 |     255 |  45.1 |      11 |       4 |  26.7
        D:7 |    1425 |       0 |   0.0 |      17 |       0 |   0.0
        D:8 |    1343 |       0 |   0.0 |      14 |       0 |   0.0
        D:9 |    1733 |     798 |  31.5 |      16 |       1 |   5.9
       D:10 |    3206 |     702 |  18.0 |      11 |      10 |  47.6
       D:11 |    8139 |     882 |   9.8 |      21 |       1 |   4.5
       D:12 |    4361 |     739 |  14.5 |      13 |      14 |  51.9
       D:13 |    8704 |    1127 |  11.5 |      21 |       2 |   8.7
       D:14 |    8823 |    6233 |  41.4 |      24 |      18 |  42.9
       D:15 |    5573 |    1717 |  23.6 |      17 |       3 |  15.0
            +---------+---------+-------+---------+---------+-------

Illustrated notes

Table legend:
 A = Kills in this place as a percentage of kills in entire the game.
 B = Kills by you in this place as a percentage of kills by you in the entire game.
 C = Kills by friends in this place as a percentage of kills by friends in the entire game.
 D = Other kills in this place as a percentage of other kills in the entire game.
 E = Experience gained in this place as a percentage of experience gained in the entire game.
 F = Experience gained in this place divided by the number of levels of this place that you have seen.
                   A       B       C       D       E      F
               +-------+-------+-------+-------+-------+----------------------
         Total | 100.0 | 100.0 | 100.0 |   N/A | 100.0 | 3794.7
       Dungeon | 100.0 | 100.0 | 100.0 |   N/A | 100.0 | 3794.7
               +-------+-------+-------+-------+-------+----------------------

Table legend: (Time is in decaauts)
 A = Elapsed time spent in this place.
 B = Non-inter-level travel time spent in this place.
 C = Inter-level travel time spent in this place.
 D = Time resting spent in this place.
 E = Time spent auto-exploring this place.
 F = Levels seen in this place.
 G = Mean time per level.
                   A        B        C        D        E       F      G
               +--------+--------+--------+--------+--------+-----+--------+
         Total |  20881 |  20389 |    492 |   9307 |   8676 |  15 | 1392.1 |
       Dungeon |  20881 |  20389 |    492 |   9307 |   8676 |  15 | 1392.1 |
               +--------+--------+--------+--------+--------+-----+--------+

Top non-repeatable levels by time:
    D:14: 2694 daAuts
     D:9: 2166 daAuts
    D:11: 1915 daAuts
     D:7: 1695 daAuts
    D:10: 1588 daAuts
    D:12: 1454 daAuts
     D:3: 1433 daAuts
    D:13: 1315 daAuts
     D:6: 1286 daAuts
    D:15: 1150 daAuts
     D:8: 1143 daAuts
     D:2: 1079 daAuts
     D:5: 1030 daAuts
     D:1: 911 daAuts
     D:4: 17 daAuts
